 Dungeon Sprint DCSS version 0.22.1-1-ga44c0e56f4 (webtiles) character file.

93 MuseOD the Covert (level 4, -1/24 HPs)
             Began as a Spriggan Enchanter on Sept 21, 2018.
             Slain by a hippogriff (5 damage)
             ... in the Dungeon (Sprint II: "The Violet Keep of Menkaure").
             The game lasted 00:00:48 (59 turns).

MuseOD the Covert (Spriggan Enchanter)                Turns: 59, Time: 00:00:49

Health: -1/24      AC:  2    Str:  4    XL:     4   Next: 36%
Magic:  3/9        EV: 18    Int: 17    God:
Gold:   243        SH:  0    Dex: 16    Spells: 2/8 levels left

rFire    . . .     SeeInvis +   a - +1 dagger
rCold    . . .     Gourm    .   (shield restricted)
rNeg     . . .     Faith    .   b - +0 robe
rPois    .         Spirit   .   (helmet restricted)
rElec    .         Reflect  .   (no cloak)
rCorr    .         Harm     .   (gloves unavailable)
MR       .....     NoTele   +   (boots unavailable)
Stlth    ++++......             (no amulet)
HPRegen  0.08/turn              (no ring)
MPRegen  0.11/turn              (no ring)

@: berserk cooldown, mesmerised, very slightly contaminated, slowed, quick
A: very small, unfitting armour, see invisible, herbivore, speed 3, slow
metabolism 2
a: no special abilities


You were in the Dungeon.
You were not hungry.

You visited 1 branch You collected 243 gold pieces.

Inventory:

Hand Weapons
 a - a +1 dagger (weapon)
Armour
 b - a +0 robe (worn)
Scrolls
 j - a scroll of blinking
Potions
 e - a potion of curing
 g - a potion of haste
 h - a potion of magic
Comestibles
 d - a ration


   Skills:
 + Level 3.3 Fighting
 * Level 6.7 Short Blades
 - Level 3.0 Dodging
 + Level 8.1 Stealth
 - Level 2.6 Spellcasting
 - Level 3.6 Hexes


You had 2 spell levels left.
You knew the following spells:

 Your Spells              Type           Power        Failure   Level  Hunger
a - Corona                Hex            ##.....      4%          1    #......
b - Ensorcelled Hibernat  Hex/Ice        #.....       13%         2    ##.....
c - Confuse               Hex            ##......     12%         3    ###....

Your spell library contained the following spells:

 Spells                   Type           Power        Failure   Level  Hunger
 Tukima's Dance           Hex            ##......     12%         3    ###....
 Dazzling Spray           Conj/Hex       #.....       26%         3    ###....


Dungeon Overview and Level Annotations

Branches:
Dungeon (1/1)

Altars:

Annotations:
D Menkaure


Innate Abilities, Weirdness & Mutations

You are very small and have problems with some larger weapons.
You are too small for most types of armour.
You have supernaturally acute eyesight. (SInv)
You are a herbivore.
You cover ground extremely quickly.
You need to consume almost no food.


Message History

Aiming: Confuse (safe; 12% risk of failure)
Press: ? - help, Shift-Dir - straight line, f/p - hippogriff
Aim: a hippogriff (chance to defeat MR: 40%)
The hippogriff resists with some effort.
The hippogriff barely misses you. x2
The hippogriff claws you but does no damage.
The merfolk siren chants its luring song.
The hippogriff bites you!
* * * LOW HITPOINT WARNING * * *
The hippogriff completely misses you. The hippogriff barely misses you.
Casting: Confuse (safe; 12% risk of failure)
Confirm with . or Enter, or press ? or * to list all spells.
Aiming: Confuse (safe; 12% risk of failure)
Press: ? - help, Shift-Dir - straight line, f/p - hippogriff
Aim: a hippogriff (chance to defeat MR: 40%)
The hippogriff appears confused.
The merfolk siren chants its luring song.
The hippogriff misses you. The hippogriff closely misses you.
The hippogriff claws you.
You die...

## ## .# #. #
.#. # ##w #'#
.##
#.w.##.##.m.#
#$+wwm+.#
####H##...#
#H# .## #@###
# #.†#..#
##.#.## ##+##


You could see 2 hippogriffs, a merfolk siren and 2 worms.

Vanquished Creatures
  4 worker ants (D)
4 creatures vanquished.

Notes
Turn   | Place    | Note
-------+----------+-------------------------------------------
     0 | D        | MuseOD the Spriggan Enchanter began the quest for the Orb.
     0 | D        | Reached XP level 1. HP: 9/9 MP: 5/5
     1 | D        | Noticed a merfolk siren
     4 | D        | Noticed a hippogriff
     4 | D        | Noticed a hippogriff
    10 | D        | Noticed a worker ant
    10 | D        | Noticed a worker ant
    12 | D        | Noticed a worker ant
    12 | D        | Noticed a worker ant
    13 | D        | Killed a worker ant
    13 | D        | Reached skill level 6 in Stealth
    13 | D        | Reached XP level 2. HP: 15/15 MP: 6/6
    22 | D        | Reached skill level 5 in Short Blades
    22 | D        | Reached skill level 7 in Stealth
    22 | D        | Reached XP level 3. HP: 18/19 MP: 8/8
    29 | D        | Reached XP level 4. HP: 24/24 MP: 9/9
    31 | D        | Reached skill level 8 in Stealth
    41 | D        | Noticed Menkaure
    48 | D        | Learned a level 3 spell: Confuse
    51 | D        | Learned a level 2 spell: Ensorcelled Hibernation
    59 | D        | Slain by a hippogriff

Skill      XL: |  1  2  3  4 |
---------------+-------------+-----
Fighting       | 2 3 |  3.3
Short Blades   | 4 5 6 |  6.7
Stealth        | 6 7 8 |  8.1
Dodging        | |  3.0
Spellcasting   | |  2.6
Hexes          | |  3.6

Action                   |  1- 3 |  4- 6 || total
-------------------------+-------+-------++-------
Melee: Dagger            |    15 |     2 ||    17
 Cast: Confuse           |       |     4 ||     4
  Use: Potion            |     1 |     2 ||     3
 Stab: Sleeping          |     1 |       ||     1
Armor: Robe              |     1 |     1 ||     2
Dodge: Dodged            |     6 |    25 ||    31
